 Dungeon Crawl Stone Soup version 0.30-a0-847-g17996783a1 (webtiles) character file.

Game seed: 5100231870250914577

207 holysushi the Cutter (level 5, -1/27 HPs)
             Began as a Vine Stalker Monk on Mar 4, 2023.
             Splashed by a jelly's acid (4 damage)
             ... on level 4 of the Dungeon.
             The game lasted 00:03:53 (2907 turns).

holysushi the Cutter (Vine Stalker Monk)            Turns: 2907, Time: 00:03:54

Health: -1/27      AC: -5    Str: 14    XL:     5   Next: 85%
Magic:  0/8        EV: 12    Int: 10    God:
Gold:   36         SH:  6    Dex: 18    Spells: 7/7 levels left

rFire   . . .      SeeInvis +    a - +0 short sword
rCold   + . .      Faith    .    n - +2 buckler
rNeg    . . .      Spirit   +    s - +0 robe "Goyl" {Regen+}
rPois   .          Reflect  .    (no helmet)
rElec   .          Rampage  .    (no cloak)
rCorr   .                        q - +0 pair of gloves
Will    .....                    (no boots)
Stlth   ++                       (no amulet)
HPRegen 1.84/turn                w - ring of see invisible
MPRegen 0.11/turn                e - ring of protection from cold

@: corroded
A: fangs 2, regeneration 1, magic shield, antimagic bite, no potion heal 2
a: no special abilities


You were on level 4 of the Dungeon.
You visited 1 branch of the dungeon, and saw 4 of its levels.

You collected 232 gold pieces.
You spent 196 gold pieces at shops.

Inventory:

Hand Weapons
 a - a +0 short sword (weapon)
Armour
 b - a +0 robe
 n - a +2 buckler (worn)
 q - a +0 pair of gloves (worn)
 s - the +0 robe "Goyl" (worn) {Regen+}
   (You bought it in a shop on level 3 of the Dungeon)

   Regen:     It increases your rate of health regeneration.
Jewellery
 e - a ring of protection from cold (right hand)
 w - a ring of see invisible (left hand)
Scrolls
 d - a scroll of teleportation {unknown}
 f - 3 scrolls of brand weapon {unknown}
 g - a scroll of fog {unknown}
 h - 4 scrolls of enchant weapon {unknown}
 i - a scroll of noise {unknown}
 l - a scroll of identify {unknown}
 p - a scroll of vulnerability {unknown}
 u - a scroll of magic mapping {unknown}
Potions
 c - a potion of ambrosia
 j - 3 potions of might {unknown}
 k - a potion of mutation {unknown}
 m - a potion of degeneration {unknown}
 o - a potion of curing {unknown}
 r - a potion of magic {unknown}
 t - a potion of flight {unknown}
 v - a potion of brilliance {unknown}
 x - a potion of berserk rage


   Skills:
 - Level 2.6 Fighting
 + Level 5.4 Short Blades
 - Level 2.4 Dodging
 - Level 2.4 Stealth
 + Level 1.8 Spellcasting


You had 7 spell levels left.
You didn't know any spells.
Your spell library contained the following spells:

 Spells                   Type           Power      Damage    Failure   Level
 Sublimation of Blood     Necr           0%         N/A       54%         2
 Petrify                  Tmut/Erth      0%         N/A       99%         4
 Irradiate                Conj/Tmut      0%         3d11      100%        5


Dungeon Overview and Level Annotations

Branches:
Dungeon (4/15) Zot: 21141
 Temple: D:4-7

Altars:
Trog

Shops:
D:1 !([   D:3 [[(   D:4 *


Innate Abilities, Weirdness & Mutations

You have extremely sharp teeth.
Your natural rate of healing is unusually fast.
When hurt, damage is shared between your health and your magic reserves.
Your bite disrupts and absorbs the magic of your enemies.
Potions cannot restore your health.


Message History

There is a stone staircase leading down here.
Key pressed, stopping explore.
No target in view!
Done exploring.
No target in view!
Done exploring.
No target in view!
Done exploring.
Done exploring.
No target in view!
Done exploring.
(D) Dungeon
Where to? (Enter - D:3, ? - help)
There is a stone staircase leading down here.
You climb downwards.
You hear the sound of rushing water.
There is an entrance to a sewer on this level.
Hurry and find it before the portal rusts away!
Found Tikusch's General Store.
Found a stone staircase leading down.
There is a stone staircase leading up here.
Okay, then.
A jelly comes into view.
The jelly quivers.
There is an entrance to Tikusch's General Store here.
x - a potion of berserk rage Thank you for shopping at Tikusch's General Store!
The jelly hits you but does no damage.
You hit the jelly.
Your hands burn!
The jelly is lightly wounded.
You hit the jelly. The acid corrodes you!
Your hands burn!
The jelly is lightly wounded.
The jelly hits you.
You are splashed with acid!
You hit the jelly.
Your hands burn!
You bite the jelly, but do no damage.
The jelly is moderately wounded.
The jelly hits you.
* * * LOW HITPOINT WARNING * * *
The acid corrodes you!
You are splashed with acid!
* * * LOW HITPOINT WARNING * * *
You are too injured to fight recklessly!
You hit the jelly.
Your hands burn!
You die...

#.## ##..##
.#.... ##....
.....#
#....###.....#
#......#.....#
#.......##...#
##..<....#....##
#..............#
#.....∩.@J..#
#...............
###.....>.......
###...........
#............
##...........
#.....#.....
.........##.


You could see a jelly.

Vanquished Creatures
  2 orc priests (D:3)
  4 adders
  3 gnolls (D:3)
  2 worms
  2 dart slugs
  6 orcs
  4 ball pythons
  4 bats
  An endoplasm (D:2)
  7 goblins
  6 hobgoblins
  5 jackals (D:1)
  4 quokkas
  A frilled lizard (D:2)
  11 kobolds
  4 rats
66 creatures vanquished.

Notes
Turn   | Place    | Note
-------+----------+-------------------------------------------
     0 | D:1      | holysushi the Vine Stalker Monk began the quest for the
                  | Orb.
     0 | D:1      | Reached XP level 1. HP: 11/11 MP: 2/2
     3 | D:1      | Noticed an electric eel
     5 | D:1      | Noticed an electric eel
   101 | D:1      | Found Amy Cuiw's Distillery.
   147 | D:1      | Found Ydwij's Weapon Shop.
   169 | D:1      | Found Vomir's Armour Boutique.
   235 | D:1      | Found a faded altar of an unknown god.
   323 | D:1      | Reached skill level 3 in Short Blades
   399 | D:1      | Reached XP level 2. HP: 16/16 MP: 3/3
   967 | D:2      | Reached XP level 3. HP: 19/19 MP: 4/4
  1202 | D:2      | Reached skill level 4 in Short Blades
  1251 | D:2      | Found a bloodstained altar of Trog.
  1510 | D:2      | Gained mutation: Your natural rate of healing is unusually
                  | fast. [Vine Stalker growth]
  1510 | D:2      | Reached XP level 4. HP: 23/23 MP: 5/5
  2011 | D:3      | Found Aruoc's Antique Armour Boutique.
  2016 | D:3      | Bought a heavy robe for 131 gold pieces
  2016 | D:3      | Identified the +0 robe "Goyl" {Regen+} (You bought it in a
                  | shop on level 3 of the Dungeon)
  2085 | D:3      | Found Ledof's Antique Armour Boutique.
  2228 | D:3      | Reached skill level 5 in Short Blades
  2228 | D:3      | Reached XP level 5. HP: 27/27 MP: 6/6
  2378 | D:3      | Reached skill level 1 in Spellcasting
  2593 | D:3      | Found Juseroth's Weapon Shop.
  2899 | D:4      | Found Tikusch's General Store.
  2902 | D:4      | Bought a potion of berserk rage for 65 gold pieces
  2907 | D:4      | Splashed by a jelly's acid

Illustrated notes

Levels and vault maps discovered:
D:1:      arrival_aquarium_b, layout_basic, basic_ecumenical_altar,
          serial_shops, shop, shop, shop
D:2:      layout_basic, basic_altar, patterned_corridor
D:3:      minmay_recursive_quarters, layout_loops_cross, serial_shops,
          nicolae_shop_hallway_plus, nicolae_shop_hallway_plus, shop,
          grunt_decor_one_mirror
D:4:      layout_cave_pools, grunt_temple_overflow_opulence, serial_shops,
          nicolae_shop_advertising_works [nicolae_subvault_shop_adworks],
          cheibrodos_sewer_entry_bend, hangedman_abyss_or_decor_passed,
          minmay_shop_damaged, st_stairs_11, nicolae_stop_n_shop_1

Skill      XL: |  1  2  3  4  5 |
---------------+----------------+-----
Short Blades   | 3 4 5 |  5.4
Spellcasting   | 1 |  1.8
Fighting       | |  2.6
Dodging        | |  2.4
Stealth        | |  2.4

Action                     |  1- 3 |  4- 6 || total
---------------------------+-------+-------++-------
  Melee: Short sword       |   119 |   142 ||   261
         Bite              |    17 |    40 ||    57
         Punch             |     1 |       ||     1
   Stab: Sleeping          |     9 |     3 ||    12
 Armour: Robe              |    19 |    15 ||    34
  Dodge: Dodged            |    69 |    59 ||   128
  Block: Buckler           |    14 |    33 ||    47

Table legend: (Time is in decaauts)
 A = Elapsed time spent in this place.
 B = Non-inter-level travel time spent in this place.
 C = Inter-level travel time spent in this place.
 D = Time resting spent in this place.
 E = Time spent auto-exploring this place.
 F = Levels seen in this place.
 G = Mean time per level.
                   A        B        C        D        E       F      G
               +--------+--------+--------+--------+--------+-----+--------+
         Total |   2858 |   2666 |    192 |     29 |   1935 |   4 |  714.5 |
       Dungeon |   2858 |   2666 |    192 |     29 |   1935 |   4 |  714.5 |
               +--------+--------+--------+--------+--------+-----+--------+

Top non-repeatable levels by time:
     D:2: 1013 daAuts
     D:1: 947 daAuts
     D:3: 890 daAuts
     D:4: 7 daAuts
